 Dungeon Crawl Stone Soup version 0.24-a0-70-gf44d0c5 (webtiles) character file.

Game seed: 3180160275655807485

313091 Kairos the Severer (level 21, -5/118 HPs)
             Began as a Vine Stalker Fighter on Feb 6, 2019.
             Was the Champion of Okawaru.
             Killed by Freeze
             ... invoked by Roucrug's ghost
              (34 damage)
             ... on level 2 of the Vaults on Feb 7, 2019.
             The game lasted 02:46:48 (38785 turns).

Kairos the Severer (Vine Stalker Fighter)          Turns: 38785, Time: 02:46:48

Health: -5/118     AC: 39    Str: 38    XL:     21   Next: 32%
Magic:  0/28       EV: 16    Int: 10    God:    Okawaru [******]
Gold:   2898       SH: 36    Dex: 15    Spells: 17/20 levels left

rFire    + + +     SeeInvis +   b - +3 broad axe of Arrival {holy, rC- Str+5}
rCold    x . .     Gourm    .   O - +10 large shield of Ignorance {rN+ Int-4}
rNeg     + . .     Faith    +   h - +3 plate armour of Cocytus {+Inv Str+9 Stlth-}
rPois    .         Spirit   +   k - +1 helmet of Philately {rF+ MR+}
rElec    .         Reflect  .   J - +3 cloak of Subjectivity {rF+}
rCorr    .         Harm     .   m - +2 pair of gloves {archery}
MR       +++..                  e - +2 pair of boots {run}
Stlth    ..........             A - amulet "Qizabbyp" {Faith +Inv rF+ Str-2 SInv}
HPRegen  1.09/turn              W - +4 ring of slaying
MPRegen  0.21/turn              x - +3 ring of protection

@: about to teleport, heroism, quick
A: fangs 3, clever 2, regeneration 2, magic shield, antimagic bite, no potion
heal 3, rot immunity
}: 2/15 runes: barnacled, gossamer
a: Heroism, Finesse, Renounce Religion, Evoke Invisibility


You were on level 2 of the Vaults.
You worshipped Okawaru.
Okawaru was exalted by your worship.
You were hungry.

You visited 9 branches of the dungeon, and saw 37 of its levels.
You also visited: Ossuary and Ice Cave.

You collected 5045 gold pieces.
You spent 2147 gold pieces at shops.

Inventory:

Hand Weapons
 a - the +7 demon whip of the Dragonfly {venom, rF++ MR+ Int-2 SInv}
   (Okawaru gifted it to you on level 2 of the Orcish Mines)

   It poisons the flesh of those it strikes.
   It affects your intelligence (-2).
   It greatly protects you from fire.
   It affects your resistance to hostile enchantments.
   It lets you see invisible.
 b - the +3 broad axe of Arrival (weapon) {holy, rC- Str+5}
   (Okawaru gifted it to you on level 4 of the Lair of Beasts)

   It has been blessed by the Shining One to cause great damage to the undead
   and demons.
   It affects your strength (+5).
   It makes you vulnerable to cold.
 r - the +9 broad axe "Zuam App" {chop, MR+}
   (Okawaru gifted it to you on level 4 of the Lair of Beasts)

   It inflicts extra damage upon your enemies.
   It affects your resistance to hostile enchantments.
Armour
 e - a +2 pair of boots of running (worn)
 h - the +3 plate armour of Cocytus (worn) {+Inv Str+9 Stlth-}
   (You found it on level 3 of the Elven Halls)

   It affects your strength (+9).
   It lets you turn invisible.
   It makes you less stealthy.
 k - the +1 helmet of Philately (worn) {rF+ MR+}
   (You bought it in a shop on level 2 of the Orcish Mines)

   It protects you from fire.
   It affects your resistance to hostile enchantments.
 m - a +2 pair of gloves of archery (worn)
 C - a +5 chain mail of poison resistance
 J - the +3 cloak of Subjectivity (worn) {rF+}
   (You found it on level 4 of the Spider Nest)

   It protects you from fire.
 K - the +2 plate armour of Ruikaad {rN+ Str+2}
   (Okawaru gifted it to you on level 2 of the Elven Halls)

   It affects your strength (+2).
   It protects you from negative energy.
 O - the +10 large shield of Ignorance (worn) {rN+ Int-4}
   (You found it on level 3 of the Elven Halls)

   It affects your intelligence (-4).
   It protects you from negative energy.
 P - the +7 chain mail of Fun and Games {Stlth+}
   (You found it on level 2 of the Vaults)

   It makes you more stealthy.
 U - a +2 cloak of cold resistance
 V - the +1 crystal plate armour "Matittin" {Dex+3 SInv}
   (Okawaru gifted it to you on level 3 of the Elven Halls)

   It affects your dexterity (+3).
   It lets you see invisible.
 Z - the +1 plate armour of Fanaticism {*Slow rF+ Regen+}
   (Okawaru gifted it to you on level 3 of the Elven Halls)

   It protects you from fire.
   It increases your rate of regeneration.
   It may slow you when you take damage.
Jewellery
 c - an uncursed ring of poison resistance
 p - a cursed amulet of inaccuracy {unknown}
 s - an uncursed ring of flight
 x - a +3 ring of protection (right hand)
 A - the amulet "Qizabbyp" (around neck) {Faith +Inv rF+ Str-2 SInv}
   (You found it on level 3 of the Elven Halls)

   [amulet of faith]

   It allows you to gain divine favour quickly.
   It affects your strength (-2).
   It protects you from fire.
   It lets you see invisible.
   It lets you turn invisible.
 L - an uncursed ring of wizardry
 M - an uncursed ring of ice
 S - an uncursed ring of magical power
 T - an uncursed ring of positive energy
 W - a +4 ring of slaying (left hand)
Wands
 F - a wand of clouds (5)
 N - a wand of digging (10)
Scrolls
 j - 4 scrolls of remove curse
 l - 17 scrolls of identify
 o - 7 scrolls of fog
 t - 12 scrolls of teleportation
 u - a scroll of enchant armour
 w - a scroll of brand weapon
 y - 9 scrolls of enchant weapon
 z - 4 scrolls of blinking
 B - 4 scrolls of fear
 Y - 4 scrolls of magic mapping
Potions
 d - 5 potions of might
 g - 9 potions of curing
 i - a potion of flight
 n - 2 potions of cancellation {unknown}
 q - 11 potions of lignification
 v - 6 potions of ambrosia
 D - 4 potions of degeneration {unknown}
 E - 6 potions of berserk rage {unknown}
 G - 6 potions of brilliance
 H - 2 potions of resistance
 I - 4 potions of mutation
 Q - 5 potions of magic {unknown}
 R - 4 potions of agility {unknown}
 X - 2 potions of invisibility
Comestibles
 f - 54 rations


   Skills:
 + Level 15.5(20.5) Fighting
 - Level 16.8(23.0) Axes
 - Level 11.5(20.4) Maces & Flails
   Level 1.1(12.5) Staves
 + Level 1.5(6.5) Throwing
 + Level 12.5(17.5) Armour
 + Level 6.7(11.7) Dodging
 + Level 3.4(8.4) Stealth
 + Level 15.9(20.9) Shields
 * Level 9.3 Invocations
 + Level 0.1 Evocations


You had 17 spell levels left.
You knew the following spells:

 Your Spells              Type           Power        Failure   Level  Hunger
a - Regeneration          Chrm/Necr      #.........   100%        3    ####...

Your spell library contained the following spells:

 Spells                   Type           Power        Failure   Level  Hunger
 Animate Skeleton         Necr           N/A          92%         1    ##.....
 Flame Tongue             Conj/Fire      #....        92%         1    ##.....
 Infusion                 Chrm           #...         92%         1    ##.....
 Pain                     Necr           #...         92%         1    ##.....
 Summon Butterflies       Summ           #.......     92%         1    ##.....
 Summon Small Mammal      Summ           #...         92%         1    ##.....
 Call Imp                 Summ           #.......     98%         2    ###....
 Passwall                 Tmut/Erth      #.......     98%         2    ###....
 Poisonous Vapours        Pois/Air       #.....       98%         2    ###....
 Searing Ray              Conj           #.....       98%         2    ###....
 Shroud of Golubria       Chrm/Tloc      #.........   98%         2    ###....
 Song of Slaying          Chrm           #.......     98%         2    ###....
 Sticks to Snakes         Tmut           #.......     98%         2    ###....
 Sublimation of Blood     Necr           #.........   98%         2    ###....
 Swiftness                Chrm/Air       #.......     98%         2    ###....
 Throw Flame              Conj/Fire      #.....       98%         2    ###....
 Call Canine Familiar     Summ           #.......     100%        3    ####...
 Conjure Flame            Conj/Fire      #.......     100%        3    ####...
 Dazzling Spray           Conj/Hex       #.....       100%        3    ####...
 Inner Flame              Hex/Fire       #.......     100%        3    ####...
 Ozocubu's Armour         Chrm/Ice       #.......     100%        3    ####...
 Recall                   Summ/Tloc      N/A          100%        3    ####...
 Spectral Weapon          Hex/Chrm       #.......     100%        3    ####...
 Spider Form              Tmut/Pois      #.........   100%        3    ####...
 Stone Arrow              Conj/Erth      #.....       100%        3    ####...
 Summon Guardian Golem    Hex/Summ       #.......     100%        3    ####...
 Cause Fear               Hex            #.........   100%        4    #####..
 Leda's Liquefaction      Hex/Erth       #.........   100%        4    #####..
 Passage of Golubria      Tloc           N/A          100%        4    #####..
 Petrify                  Tmut/Erth      #.......     100%        4    #####..
 Sticky Flame             Conj/Fire      #.......     100%        4    #####..
 Summon Ice Beast         Ice/Summ       #.......     100%        4    #####..
 Summon Lightning Spire   Summ/Air       #.......     100%        4    #####..
 Aura of Abjuration       Summ           #.........   100%        5    ######.
 Bolt of Magma            Conj/Fire/Erth #.........   100%        5    ######.
 Borgnjor's Vile Clutch   Necr/Erth      #.........   100%        5    ######.
 Fireball                 Conj/Fire      #.........   100%        5    ######.
 Irradiate                Conj/Tmut      #.........   100%        5    ######.
 Iskenderun's Battlesphe  Conj/Chrm      #.......     100%        5    ######.
 Lee's Rapid Deconstruct  Erth           #.........   100%        5    ######.
 Metabolic Englaciation   Hex/Ice        #.........   100%        5    ######.
 Silence                  Hex/Air        #.........   100%        5    ######.
 Summon Demon             Summ           #.........   100%        5    ######.
 Summon Forest            Summ/Tloc      #.........   100%        5    ######.
 Summon Mana Viper        Hex/Summ       #.......     100%        5    ######.
 Venom Bolt               Conj/Pois      #.........   100%        5    ######.
 Bolt of Cold             Conj/Ice       #.........   100%        6    #######
 Darkness                 Hex            #.........   100%        6    #######
 Hydra Form               Tmut           #.........   100%        6    #######
 Invisibility             Hex            #.......     100%        6    #######
 Iron Shot                Conj/Erth      #.........   100%        6    #######
 Shadow Creatures         Summ           N/A          100%        6    #######
 Statue Form              Tmut/Erth      #........    100%        6    #######
 Dragon Form              Tmut           #.........   100%        7    #######
 Orb of Destruction       Conj           #.........   100%        7    #######
 Spellforged Servitor     Conj/Summ      #.........   100%        7    #######
 Shatter                  Erth           #.........   100%        9    #######


Dungeon Overview and Level Annotations

Branches:
Dungeon (14/15)            Temple (1/1) D:5            Lair (6/6) D:10
 Shoals (4/4) Lair:3       Spider (4/4) Lair:3        Slime (1/5) Lair:6
    Orc (2/2) D:10            Elf (3/3) Orc:2        Vaults (2/5) D:14
  Crypt: Vaults:2-3

Altars:
Cheibriados
Dithmenos
Elyvilon
Fedhas
Gozag
Hepliaklqana
Kikubaaqudgha
Makhleb
Nemelex Xobeh
Okawaru
Qazlal
Ru
Sif Muna
Trog
Uskayaw
Vehumet
Wu Jian
Xom
Yredelemnul
Zin
The Shining One
Beogh
Jiyva

Shops:
D:5 [   D:13 *   Orc:1 *   Orc:2 ?%?:[   Elf:3 =}}   Shoals:1 %

Portals:
Trove: Elf:1 (give 18 scrolls of identify)

Annotations:
D:3 2 transporters
D:5 exclusion: oklob sapling
D:9 2 transporters, exclusion: ice statue, melvinkitnick's ghost, novice TeCj
Lair:1 exclusion: 2 oklob plants
Vaults:2 Moutitz's ghost, adept MiFi; Roucrug's ghost, legendary MfIE; Tazamm's ghost, adept MiBe; Xaq Wocw's ghost, master HOAK


Innate Abilities, Weirdness & Mutations

You have razor-sharp teeth.
You heal very quickly.
When hurt, damage is shared between your health and your magic reserves.
Your bite disrupts and absorbs the magic of your enemies.
Potions cannot restore your health.
You are immune to rotting.
Your mind is very acute. (Int +4)


Message History

Unknown command.
You slice Roucrug's ghost!!
Roucrug's ghost convulses.
Your bite misses Roucrug's ghost.
Roucrug's ghost is heavily damaged.
You slash Xaq Wocw's ghost!
Xaq Wocw's ghost convulses!
Roucrug's ghost becomes audible again.
Roucrug's ghost points at you and mumbles some strange words.
You are frozen.
Ouch! That really hurt!
* * * LOW HITPOINT WARNING * * *
You block Xaq Wocw's ghost's attack.
You are too injured to fight recklessly!
Unknown command.
You are too injured to fight recklessly!
Unknown command.
As you read the scroll of teleportation, it crumbles to dust.
You feel strangely unstable.
Roucrug's ghost gestures at you while chanting.
You are frozen.
You die...

..................
..................
..................
..................
.........#########
.........#
#######+###..#
#.....W...#..#
#..ยง#@###.'..#
#...##W.#.#..+
#.....W.#.#..#
#.......###..#
###.......#..#
#.#.......#..#
#.#..##...#..#
#.###.#...#..#
#.........#


You could see Roucrug's ghost, Tazamm's ghost and Xaq Wocw's ghost.

Vanquished Creatures
  Nikola (Spider:1)
  A lich (Vaults:2)
  2 deep elf blademasters (Elf:3)
  2 deep elf master archers (Elf:3)
  3 sphinxes (Elf:1)
  Polyphemus (Shoals:2)
  The ghost of Zuproetha the Fencer, an adept DsWn of Okawaru (Spider:4)
  Kirke (Lair:5)
  Agnes (Elf:2)
  Roxanne (Shoals:2)
  An azure jelly (Elf:3)
  5 ghost moths (Spider:4)
  2 vault wardens
  A frost giant (Shoals:4)
  10 deep elf elementalists (Elf:3)
  The ghost of Qenoimudgh the Unseen, an adept FeMo of Yredelemnul (Vaults:2)
  4 deep elf sorcerers
  2 stone giants
  8 emperor scorpions
  2 ironheart preservers (Vaults:1)
  7 entropy weavers
  6 deep elf demonologists
  4 deep elf annihilators (Elf:3)
  A dire elephant (Lair:6)
  6 deep elf death magi
  2 merfolk javelineers (Shoals:4)
  2 blizzard demons (IceCv)
  9 merfolk impalers
  A great orb of eyes (Vaults:2)
  3 yaktaur captains
  2 fire dragons
  2 ice dragons (Vaults:1)
  Harold (D:7)
  A rakshasa (Vaults:1)
  4 two-headed ogres
  16 hydras
  4 merfolk avatars
  2 alligator snapping turtles (Shoals:4)
  3 centaur warriors
  3 merfolk aquamancers (Shoals:4)
  30 dancing weapons
  A catoblepas (Shoals:2)
  2 satyrs
  A queen ant (Lair:4)
  4 death yaks (Shoals:2)
  Nergalle (Lair:3)
  17 deep elf knights
  9 sea snakes
  16 deep elf archers
  3 unseen horrors
  2 wizards (Vaults:1)
  6 ironbrand convokers
  Pikel (D:4)
  A tengu zombie (Vaults:1)
  33 harpies
  4 orc knights
  2 necromancers
  17 ugly things
  70 deep elf magi
  19 wolf spiders
  16 orb spiders
  6 fauns
  A salamander (shapeshifter) (D:14)
  7 orc sorcerers (Orc:2)
  20 manticores
  8 cyclopes
  A manticore (shapeshifter) (Vaults:1)
  4 moths of wrath
  12 elephants
  6 merfolk sirens
  A stone giant skeleton (Vaults:1)
  4 vault sentinels
  An ice statue (IceCv)
  11 spiny frogs
  5 water nymphs
  Joseph (D:9)
  4 centaur skeletons
  6 black mambas
  3 gargoyles
  14 yaktaurs
  A torpor snail (Spider:3)
  7 ice devils (IceCv)
  A kobold demonologist (D:11)
  5 freezing wraiths
  6 komodo dragons
  4 anaconda simulacra (IceCv)
  7 rime drakes
  5 demonic crawlers
  A yaktaur skeleton (Vaults:1)
  A golden dragon simulacrum (IceCv)
  A troll (shapeshifter) (Vaults:2)
  35 jumping spiders
  6 trolls
  5 polar bears
  12 tyrant leeches (Spider:3)
  17 merfolk
  7 hornets
  A polar bear (shapeshifter) (Vaults:1)
  15 slime creatures
  9 wind drakes
  Prince Ribbit (D:9)
  9 snapping turtles
  A sphinx simulacrum (Vaults:1)
  13 blink frogs
  10 hippogriffs
  Sigmund (D:5)
  3 shadows
  A spriggan (D:7)
  2 dire elephant simulacra (IceCv)
  A wraith (D:11)
  10 water elementals
  7 wyverns
  73 redbacks
  8 air elementals
  A human (shapeshifter) (Vaults:1)
  2 basilisks
  34 tarantellas
  2 hogs (shapeshifter)
  22 yaks
  3 fire elementals
  6 hogs (Lair:5)
  2 hungry ghosts (D:12)
  9 vampire mosquitoes
  4 iron troll simulacra (IceCv)
  9 wargs
  2 harpy simulacra (IceCv)
  Edmund (D:5)
  3 swamp worms (Spider:3)
  18 soldier ants (Lair:4)
  3 acid dragons
  3 hydra simulacra (IceCv)
  7 water moccasins
  A water moccasin (shapeshifter) (Vaults:1)
  3 hell hounds (Elf:1)
  13 porcupines
  The ghost of hackum the Skirmisher, an amateur OgFi (D:5)
  An ogre skeleton (Vaults:1)
  6 ice beasts
  23 orc warriors
  A slave (D:4)
  6 sky beasts
  An eye of draining (D:13)
  A black bear (D:9)
  3 phantoms (D:10)
  3 ettin simulacra (IceCv)
  A necrophage (D:14)
  9 ogres
  14 centaurs
  18 crocodiles
  A big kobold (D:14)
  Blork the orc (D:5)
  2 earth elementals
  20 bullfrogs
  2 wyvern skeletons
  3 scorpions
  An elf simulacrum (Vaults:1)
  20 killer bees
  A troll zombie (D:10)
  9 wights
  2 vampire bats (Orc:1)
  A howler monkey (D:4)
  2 bullfrog zombies
  6 crimson imps
  2 bullfrog skeletons
  2 centaur zombies
  A draconian simulacrum (IceCv)
  A quasit (D:13)
  A yaktaur simulacrum (Vaults:1)
  7 hounds
  A human simulacrum (Vaults:1)
  12 orc priests
  5 jellies
  41 orc wizards
  4 iguanas
  Natasha (thrice) (D:2)
  25 worker ants
  7 hell rats (Lair:3)
  4 troll simulacra (IceCv)
  A wolf simulacrum (IceCv)
  7 ogre zombies (D:10)
  2 centaur simulacra (IceCv)
  A hound skeleton (D:8)
  2 hound zombies
  8 mummies (Ossuary)
  A howler monkey zombie (D:9)
  A worker ant zombie (D:11)
  9 adders
  A naga simulacrum (IceCv)
  4 ogre simulacra (IceCv)
  6 shadow imps
  4 white imps (IceCv)
  10 ufetubi (IceCv)
  An ooze (D:4)
  An adder zombie (D:5)
  An adder skeleton (D:8)
  2 worms
  2 dart slugs
  6 leopard geckos
  114 orcs
  A ball python (D:4)
  4 giant cockroaches
  3 goblins
  4 hobgoblins
  18 jackals
  9 kobolds
  4 quokkas
  10 bats
  7 frilled lizards
  A giant cockroach zombie (D:6)
  A goblin skeleton (D:10)
  3 goblin zombies
  2 hobgoblin skeletons (D:10)
  5 hobgoblin zombies
  3 kobold zombies (Ossuary)
  2 leopard gecko skeletons
  2 leopard gecko zombies
  2 orc skeletons (D:10)
  18 orc zombies
  7 rats
  A rat zombie (D:5)
  5 fungi
  12 plants
1516 creatures vanquished.

Vanquished Creatures (others)
  A deep elf mage (Elf:2)
  A merfolk siren (Shoals:2)
  A demonic crawler (Spider:2)
  A jumping spider (Spider:1)
  An air elemental (Elf:2)
  A redback (Spider:2)
  A tarantella (Spider:4)
  9 fungi
  15 plants
31 creatures vanquished.

Grand Total: 1547 creatures vanquished

Notes
Turn   | Place    | Note
-------+----------+-------------------------------------------
     0 | D:1      | Kairos the Vine Stalker Fighter began the quest for the
                  | Orb.
     0 | D:1      | Reached XP level 1. HP: 11/11 MP: 2/2
   257 | D:1      | Reached XP level 2. HP: 9/16 MP: 1/3
  1057 | D:2      | Reached skill level 2 in Axes
  1150 | D:2      | Reached XP level 3. HP: 17/20 MP: 2/4
  1305 | D:2      | Noticed Natasha
  1376 | D:2      | Killed Natasha
  1376 | D:2      | Gained mutation: Your natural rate of healing is unusually
                  | fast. [Vine Stalker growth]
  1376 | D:2      | Reached XP level 4. HP: 18/24 MP: 3/5
  1397 | D:2      | Noticed Natasha
  1433 | D:2      | Killed Natasha
  2067 | D:2      | Noticed Natasha
  2083 | D:2      | Killed Natasha
  2083 | D:2      | Reached XP level 5. HP: 25/28 MP: 6/6
  2110 | D:3      | Found a bloodstained altar of Trog.
  2141 | D:3      | Found a shadowy altar of Dithmenos.
  2199 | D:3      | Found a transporter.
  2430 | D:3      | Found a transporter.
  2452 | D:3      | Reached skill level 3 in Axes
  2855 | D:4      | Reached skill level 1 in Dodging
  2855 | D:4      | Reached XP level 6. HP: 21/32 MP: 4/7
  2987 | D:4      | Found a white marble altar of Elyvilon.
  3048 | D:4      | Found a basalt altar of Yredelemnul.
  3131 | D:4      | Noticed a slave
  3196 | D:4      | Killed a slave
  3423 | D:4      | Found an opulent altar of Gozag.
  3424 | D:4      | Found a glowing silver altar of Zin.
  3648 | D:4      | Noticed a slave
  3648 | D:4      | Noticed a slave
  3650 | D:4      | Noticed Pikel
  3650 | D:4      | Noticed a slave
  3712 | D:4      | Killed Pikel
  3712 | D:4      | Reached skill level 5 in Axes
  3712 | D:4      | Reached skill level 1 in Stealth
  3712 | D:4      | Reached XP level 7. HP: 26/37 MP: 5/8
  3789 | D:5      | Entered Level 5 of the Dungeon
  3898 | D:5      | Noticed Blork the orc
  3926 | D:5      | Killed Blork the orc
  3963 | D:5      | Gained mutation: You have razor-sharp teeth. [Vine Stalker
                  | growth]
  3963 | D:5      | Reached XP level 8. HP: 42/42 MP: 9/9
  4008 | D:5      | Found a runed translucent door.
  4011 | D:5      | Noticed hackum's ghost (amateur OgFi)
  4039 | D:5      | Killed hackum's ghost
  4107 | D:5      | Reached skill level 1 in Maces & Flails
  4131 | D:5      | Found a sand-covered staircase.
  4138 | Ossuary  | Entered an ossuary
  4501 | D:5      | Reached skill level 1 in Throwing
  4677 | D:5      | Found a staircase to the Ecumenical Temple.
  4745 | D:5      | Found Zaunn's Armour Emporium.
  4817 | D:5      | Noticed Edmund
  4852 | D:5      | Killed Edmund
  4871 | D:5      | Noticed Sigmund
  4882 | D:5      | Killed Sigmund
  4882 | D:5      | Reached skill level 5 in Shields
  5090 | Temple   | Entered the Ecumenical Temple
  5248 | Temple   | Became a worshipper of Warmaster Okawaru
  5342 | D:6      | Reached skill level 5 in Armour
  5342 | D:6      | Reached XP level 9. HP: 46/46 MP: 10/10
  5368 | D:6      | Noticed a troll
  5374 | D:6      | Killed a troll
  5374 | D:6      | Reached * piety under Okawaru
  5538 | D:6      | Reached skill level 5 in Fighting
  5693 | D:6      | Found a stormy altar of Qazlal.
  5822 | D:7      | Noticed Harold
  6707 | D:7      | Killed Harold
  6707 | D:7      | Reached ** piety under Okawaru
  6707 | D:7      | Reached skill level 5 in Maces & Flails
  6707 | D:7      | Reached XP level 10. HP: 10/51 MP: 4/11
  6972 | D:8      | Found a sparkling altar of Nemelex Xobeh.
  7270 | D:8      | Reached *** piety under Okawaru
  7335 | D:8      | Got a transparent quarterstaff
  7341 | D:8      | Identified the cursed +1 quarterstaff of Prudence {drain,
                  | Str+3 Dex+3} (You found it on level 8 of the Dungeon)
  7604 | D:9      | Noticed an ice statue
  7980 | D:9      | Noticed Joseph
  7988 | D:9      | Killed Joseph
  7988 | D:9      | Reached **** piety under Okawaru
  7988 | D:9      | Reached skill level 1 in Staves
  8065 | D:9      | Reached skill level 1 in Invocations
  8116 | D:9      | Noticed Prince Ribbit
  8144 | D:9      | Killed Prince Ribbit
  8175 | D:9      | Found a snail-covered altar of Cheibriados.
  8183 | D:9      | Found a sacrificial altar of Ru.
  8296 | D:9      | Received a gift from Okawaru
  8368 | D:9      | Found a transporter.
  8369 | D:9      | Noticed melvinkitnick's ghost (novice TeCj)
  8369 | D:9      | Identified the +7 great mace of Gozag {flame, rC++ Str+3
                  | Dex+2}
  8369 | D:9      | Noticed a two-headed ogre
  8374 | D:9      | Found a transporter.
  8380 | D:9      | Reached XP level 11. HP: 56/57 MP: 12/12
  8530 | D:9      | Found a burning altar of Makhleb.
  8909 | D:10     | Entered Level 10 of the Dungeon
  9127 | D:10     | Found a staircase to the Lair.
  9160 | D:10     | Found a staircase to the Orcish Mines.
  9433 | Lair:1   | Entered Level 1 of the Lair of Beasts
  9607 | Lair:1   | Noticed an eight-headed hydra
  9615 | Lair:1   | Killed an eight-headed hydra
  9703 | Lair:1   | Noticed an oklob plant
  9703 | Lair:1   | Noticed an oklob plant
  9985 | Lair:1   | Reached ***** piety under Okawaru
 11114 | Lair:3   | Received a gift from Okawaru
 11156 | Lair:3   | Noticed Nergalle
 11452 | Lair:3   | Gained mutation: You heal very quickly. [Vine Stalker
                  | growth]
 11452 | Lair:3   | Reached XP level 12. HP: 64/64 MP: 14/14
 11480 | Lair:3   | Noticed a seven-headed hydra
 11493 | Lair:3   | Killed a seven-headed hydra
 11493 | Lair:3   | Reached skill level 10 in Maces & Flails
 11499 | Lair:3   | Noticed a four-headed hydra
 11508 | Lair:3   | Killed a four-headed hydra
 11508 | Lair:3   | Received a gift from Okawaru
 11619 | Lair:3   | Noticed a seven-headed hydra
 11637 | Lair:3   | Killed a seven-headed hydra
 11796 | Lair:3   | Found a hole to the Spider Nest.
 11954 | Lair:3   | Received a gift from Okawaru
 11970 | Lair:3   | Identified a +2 pair of boots of running (Okawaru gifted it
                  | to you on level 3 of the Lair of Beasts)
 12047 | Lair:3   | Got a faintly glowing scimitar
 12048 | Lair:3   | Identified the +8 scimitar of Blood-Lust {freeze, rC++
                  | Dex-4 SInv} (You found it on level 3 of the Lair of Beasts)
 12177 | Lair:3   | Found a staircase to the Shoals.
 12255 | Lair:3   | Killed Nergalle
 12264 | Lair:3   | Identified a scroll of acquirement
 12648 | Lair:4   | Reached XP level 13. HP: 62/69 MP: 14/16
 12760 | Lair:4   | Reached ****** piety under Okawaru
 12784 | Lair:4   | Received a gift from Okawaru
 12791 | Lair:4   | Got a faintly glowing broad axe {god gift}
 12792 | Lair:4   | Identified the +3 broad axe of Arrival {holy, rC- Str+5}
                  | (Okawaru gifted it to you on level 4 of the Lair of Beasts)
 13190 | Lair:4   | Reached skill level 6 in Axes
 13202 | Lair:4   | Noticed an entropy weaver
 13388 | Lair:4   | Noticed an entropy weaver
 13767 | Lair:4   | Killed an entropy weaver
 13767 | Lair:4   | Reached skill level 5 in Dodging
 13823 | Lair:4   | Killed an entropy weaver
 13823 | Lair:4   | Received a gift from Okawaru
 13826 | Lair:4   | Got an iridescent broad axe {god gift}
 13827 | Lair:4   | Identified the +9 broad axe "Zuam App" {chop, MR+} (Okawaru
                  | gifted it to you on level 4 of the Lair of Beasts)
 14103 | Lair:5   | Got an encrusted dagger
 14243 | Lair:5   | Identified the +7 dagger "Dila" {venom, *Contam rPois rC++
                  | Int+3 Stlth+} (You found it on level 5 of the Lair of
                  | Beasts)
 14277 | Lair:5   | Gained mutation: You are occasionally teleported next to
                  | monsters. [mutagenic glow]
 14304 | Lair:5   | Reached skill level 7 in Axes
 14637 | Lair:5   | Noticed Kirke
 14650 | Lair:5   | Killed Kirke
 14650 | Lair:5   | Reached XP level 14. HP: 74/76 MP: 17/17
 15085 | Lair:6   | Entered Level 6 of the Lair of Beasts
 15091 | Lair:6   | Received a gift from Okawaru
 15394 | Lair:6   | Found a viscous altar of Jiyva.
 15394 | Lair:6   | Found a staircase to the Slime Pits.
 15492 | Lair:6   | Reached skill level 8 in Axes
 15530 | Lair:6   | Paralysed by a hornet for 3 turns
 15988 | Lair:6   | Received a gift from Okawaru
 15988 | Lair:6   | Reached skill level 10 in Fighting
 16006 | Lair:6   | Reached skill level 10 in Shields
 16014 | Lair:6   | Got a pair of blackened boots {god gift}
 16025 | Lair:6   | Identified the +2 pair of boots of Uxuc {rCorr MP+9 Str-2
                  | Dex-2} (Okawaru gifted it to you on level 6 of the Lair of
                  | Beasts)
 16230 | Lair:6   | Noticed a dire elephant
 16239 | Lair:6   | Killed a dire elephant
 16383 | Spider:1 | Entered Level 1 of the Spider Nest
 16391 | Spider:1 | Reached skill level 9 in Axes
 16597 | Spider:1 | Noticed Nikola
 16725 | Spider:1 | Killed Nikola
 16787 | Spider:1 | You fall through a shaft!
 16796 | Spider:2 | Noticed an emperor scorpion
 16818 | Spider:2 | Killed an emperor scorpion
 16935 | Spider:1 | Received a gift from Okawaru
 17274 | Spider:1 | Reached skill level 10 in Axes
 17638 | Spider:1 | Reached XP level 15. HP: 81/81 MP: 18/18
 17939 | Spider:2 | Received a gift from Okawaru
 17946 | Spider:2 | Noticed an emperor scorpion
 17966 | Spider:2 | Killed an emperor scorpion
 18085 | Spider:2 | Reached skill level 11 in Axes
 18676 | Spider:2 | Learned a level 3 spell: Regeneration
 18811 | Spider:2 | Lost mutation: You are occasionally teleported next to
                  | monsters. [potion of mutation]
 18811 | Spider:2 | Gained mutation: Your mind is acute. (Int +2) [potion of
                  | mutation]
 18811 | Spider:2 | Gained mutation: Your mind is very acute. (Int +4) [potion
                  | of mutation]
 19194 | Spider:3 | Received a gift from Okawaru
 19654 | Spider:3 | Reached skill level 12 in Axes
 19870 | Spider:3 | Received a gift from Okawaru
 19992 | Spider:4 | Entered Level 4 of the Spider Nest
 20180 | Spider:4 | Noticed an emperor scorpion
 20205 | Spider:3 | Killed an emperor scorpion
 20205 | Spider:3 | Received a gift from Okawaru
 20205 | Spider:3 | Reached XP level 16. HP: 25/88 MP: 15/19
 20740 | Spider:4 | Found a runed translucent gate.
 20740 | Spider:4 | Found a runed translucent gate.
 20741 | Spider:4 | Found a runed translucent gate.
 20749 | Spider:4 | Noticed Zuproetha's ghost (adept DsWn)
 20862 | Spider:4 | Reached skill level 10 in Armour
 22064 | Spider:4 | Received a gift from Okawaru
 22329 | Spider:4 | Got a gossamer rune of Zot
 22638 | Slime:1  | Entered Level 1 of the Pits of Slime
 22723 | Shoals:1 | Entered Level 1 of the Shoals
 22739 | Shoals:1 | Reached skill level 13 in Axes
 22868 | Shoals:1 | Found Qoffan's Food Emporium.
 22873 | Shoals:1 | Got a fine scale mail
 22884 | Shoals:1 | Identified the +5 scale mail of Bilytoc {rElec rN+} (You
                  | found it on level 1 of the Shoals)
 23178 | Shoals:2 | Noticed Roxanne
 23406 | Shoals:2 | Noticed Polyphemus
 23451 | Shoals:2 | Killed Polyphemus
 23794 | Spider:1 | Got an ancient eveningstar {god gift}
 23795 | Spider:1 | Identified the +6 eveningstar of the Beginning {drain,
                  | *Corrode MP+9 Str+2} (Okawaru gifted it to you on level 1
                  | of the Spider Nest)
 24052 | Shoals:2 | Received a gift from Okawaru
 24231 | Shoals:2 | Killed Roxanne
 24231 | Shoals:2 | Reached XP level 17. HP: 42/93 MP: 13/20
 24711 | Shoals:3 | Received a gift from Okawaru
 24849 | Shoals:3 | Reached skill level 14 in Axes
 25185 | Shoals:4 | Entered Level 4 of the Shoals
 25498 | Shoals:4 | Received a gift from Okawaru
 26642 | Shoals:4 | Got a barnacled rune of Zot
 26989 | Spider:4 | Received a gift from Okawaru
 27016 | Spider:4 | Identified the +4 war axe "Koanaxku" {chop, rN+ Dex+2}
                  | (Okawaru gifted it to you on level 4 of the Spider Nest)
 27186 | Spider:4 | Killed Zuproetha's ghost
 27198 | Spider:4 | Got a spiked cloak
 27209 | Spider:4 | Identified the +3 cloak of Subjectivity {rF+} (You found it
                  | on level 4 of the Spider Nest)
 27420 | Orc:1    | Entered Level 1 of the Orcish Mines
 27421 | Orc:1    | Found Vonaesm Taeg's Assorted Antiques.
 27450 | Orc:1    | Reached skill level 15 in Axes
 27485 | Orc:1    | Reached XP level 18. HP: 99/99 MP: 22/22
 27856 | Orc:2    | Entered Level 2 of the Orcish Mines
 27864 | Orc:2    | Found Yzexupt's Magic Scroll Shop.
 27923 | Orc:2    | Found a staircase to the Elven Halls.
 28149 | Orc:2    | Found a roughly hewn altar of Beogh.
 28183 | Orc:2    | Found Fanoqe's Food Boutique.
 28185 | Orc:2    | Found Zupt's Magic Scroll Shoppe.
 28195 | Orc:2    | Received a gift from Okawaru
 28202 | Orc:2    | Got a warped demon whip {god gift}
 28203 | Orc:2    | Identified the +7 demon whip of the Dragonfly {venom, rF++
                  | MR+ Int-2 SInv} (Okawaru gifted it to you on level 2 of the
                  | Orcish Mines)
 28312 | Orc:2    | Found Jikofuem's Book Shoppe.
 28312 | Orc:2    | Found Ygih Qoxt's Antique Armour Boutique.
 28326 | Orc:2    | Bought a heavily runed helmet for 285 gold pieces
 28336 | Orc:2    | Identified the +1 helmet of Philately {rF+ MR+} (You bought
                  | it in a shop on level 2 of the Orcish Mines)
 28726 | Elf:1    | Entered Level 1 of the Elven Halls
 29003 | Elf:1    | Identified Muepooki's Catalogue of the Escort
 29458 | Elf:1    | Found a portal to a secret trove of treasure.
 29619 | Elf:1    | Received a gift from Okawaru
 29642 | Elf:1    | Received a gift from Okawaru
 30002 | Elf:2    | Found a runed translucent gate.
 30003 | Elf:2    | Found a runed translucent gate.
 30004 | Elf:2    | Found a runed translucent gate.
 30079 | Elf:2    | Received a gift from Okawaru
 30082 | Elf:2    | Got a slimy plate armour {god gift}
 30093 | Elf:2    | Identified the +2 plate armour of Ruikaad {rN+ Str+2}
                  | (Okawaru gifted it to you on level 2 of the Elven Halls)
 30533 | Elf:2    | Reached XP level 19. HP: 105/105 MP: 23/23
 30535 | Elf:2    | Noticed Agnes
 30550 | Elf:2    | Killed Agnes
 31268 | Elf:2    | Found the +3 hat of Pondering {ponderous, MR+ MP+10 Int+5}
 31270 | Elf:2    | Identified the Compendium of the Helpful Oath
 31318 | Elf:3    | Entered Level 3 of the Elven Halls
 31419 | Elf:3    | Received a gift from Okawaru
 31460 | Elf:3    | Found a frozen archway.
 31473 | Elf:3    | Reached skill level 5 in Invocations
 31486 | IceCv    | Entered an ice cave
 32571 | IceCv    | Identified Sif Muna's Grimoire of Twisted Shape Shifting
 32574 | IceCv    | Identified the Guide on Lethal Cold
 32663 | Elf:3    | Found a deep blue altar of Sif Muna.
 32729 | Elf:3    | Received a gift from Okawaru
 32751 | Elf:3    | Got a slimy plate armour {god gift}
 32762 | Elf:3    | Identified the +1 plate armour of Fanaticism {*Slow rF+
                  | Regen+} (Okawaru gifted it to you on level 3 of the Elven
                  | Halls)
 33087 | Elf:3    | Found Xyepyemu's Gadget Shoppe.
 33088 | Elf:3    | Found Feboatu's Jewellery Boutique.
 33089 | Elf:3    | Found Majiu's Gadget Shoppe.
 33188 | Elf:3    | Identified the Collected Works on Attacks and Companions
 33455 | Elf:3    | Received a gift from Okawaru
 33459 | Elf:3    | Got an encrusted crystal plate armour {god gift}
 33470 | Elf:3    | Identified the +1 crystal plate armour "Matittin" {Dex+3
                  | SInv} (Okawaru gifted it to you on level 3 of the Elven
                  | Halls)
 33581 | Elf:3    | Reached XP level 20. HP: 112/112 MP: 24/26
 33678 | Elf:3    | Reached skill level 15 in Shields
 33866 | Elf:3    | Found the +10 large shield of Ignorance {rN+ Int-4}
 33866 | Elf:3    | Identified the +7 dagger "Hoset" {drain, Dex+4}
 33977 | Elf:3    | Identified the Compendium of Captivating Talismans
 33982 | Elf:3    | Identified Hak Fix's Papyrus of Ashen Intoxication
 33989 | Elf:3    | Got an ancient silver amulet
 33990 | Elf:3    | Identified the amulet "Qizabbyp" {Faith +Inv rF+ Str-2
                  | SInv} (You found it on level 3 of the Elven Halls)
 33995 | Elf:3    | Got a brightly glowing plate armour
 34006 | Elf:3    | Identified the +3 plate armour of Cocytus {+Inv Str+9
                  | Stlth-} (You found it on level 3 of the Elven Halls)
 34313 | Elf:3    | Bought a +4 ring of slaying for 1092 gold pieces
 34455 | Orc:2    | Bought a scroll of identify for 30 gold pieces
 34455 | Orc:2    | Bought a scroll of teleportation for 45 gold pieces
 34455 | Orc:2    | Bought a scroll of blinking for 112 gold pieces
 34455 | Orc:2    | Bought a scroll of teleportation for 45 gold pieces
 34455 | Orc:2    | Bought a scroll of teleportation for 45 gold pieces
 34455 | Orc:2    | Bought a scroll of magic mapping for 52 gold pieces
 34455 | Orc:2    | Bought a scroll of identify for 30 gold pieces
 34487 | Orc:2    | Bought a scroll of enchant weapon for 127 gold pieces
 34487 | Orc:2    | Bought a scroll of identify for 34 gold pieces
 34487 | Orc:2    | Bought a scroll of fog for 34 gold pieces
 34487 | Orc:2    | Bought a scroll of fog for 34 gold pieces
 34487 | Orc:2    | Bought a scroll of fog for 34 gold pieces
 34487 | Orc:2    | Bought a scroll of identify for 34 gold pieces
 34526 | Orc:1    | Bought a scroll of identify for 54 gold pieces
 35008 | D:12     | Received a gift from Okawaru
 35147 | D:12     | Reached skill level 16 in Axes
 35742 | D:13     | Found Paugozen's General Store.
 35761 | D:13     | Bought a scroll of identify for 30 gold pieces
 35761 | D:13     | Bought a scroll of identify for 30 gold pieces
 36556 | D:14     | Reached skill level 15 in Fighting
 36606 | D:14     | Found an opulent altar of Gozag.
 36726 | D:14     | Found a gate to the Vaults.
 36870 | D:14     | Received a gift from Okawaru
 37023 | Vaults:1 | Entered Level 1 of the Vaults
 37746 | Vaults:1 | Reached XP level 21. HP: 114/117 MP: 28/28
 37803 | Vaults:1 | Received a gift from Okawaru
 38282 | Vaults:2 | Got a crude chain mail
 38293 | Vaults:2 | Identified the +7 chain mail of Fun and Games {Stlth+} (You
                  | found it on level 2 of the Vaults)
 38736 | Vaults:2 | Found a runed translucent gate.
 38736 | Vaults:2 | Found a runed translucent gate.
 38736 | Vaults:2 | Found a runed translucent gate.
 38736 | Vaults:2 | Noticed Tazamm's ghost (adept MiBe)
 38736 | Vaults:2 | Noticed Xaq Wocw's ghost (master HOAK)
 38736 | Vaults:2 | Noticed Qenoimudgh's ghost (adept FeMo)
 38736 | Vaults:2 | Noticed Moutitz's ghost (adept MiFi)
 38746 | Vaults:2 | Noticed Roucrug's ghost (legendary MfIE)
 38773 | Vaults:2 | Killed Qenoimudgh's ghost
 38773 | Vaults:2 | Received a gift from Okawaru
 38785 | Vaults:2 | Killed from afar by Roucrug's ghost

Vault maps used:
D:1:      dpeg_arrival_brainrot, layout_loops_ring, serial_forest,
          infiniplex_forest_lined_room_, infiniplex_forest_lined_ring,
          infiniplex_forest_lined_corner, infiniplex_forest_lined_1,
          infiniplex_forest_corner_1, infiniplex_forest_clump_C,
          infiniplex_forest_end_2
D:2:      cheibrodos_old_hovel, layout_basic, uniq_natasha
D:3:      gammafunk_steamed_eel, layout_loops_ring, bloody_trog,
          grunt_dithmenos_smoke, hex_tiny
D:4:      layout_basic, kennysheep_ying_yang,
          grunt_temple_overflow_gold_and_silver, chequers_serial_rivers_micro_a,
          uniq_pikel
D:5:      layout_cave_pools, minmay_temple_entry_oklob, ebering_ghost_sewer_d,
          serial_shops, shop, enter_ossuary_4, first_ration,
          sigmund_edmund_badplayer, uniq_edmund, uniq_blork_the_orc
D:6:      layout_rooms, nicolae_qazlal_style_of_elements
D:7:      layout_rooms, the_bakery, kennysheep_cross_room, uniq_harold
D:8:      layout_rooms, nicolae_overflow_hidden_temple, hangedman_decor_growths,
          corexii_checkpoint_b, st_stairs_7
D:9:      cheibrodos_frozen_isle, layout_small_grid, minitemple,
          gammafunk_ghost_smash, makhleb_heckhound_becter, uniq_joseph,
          uniq_prince_ribbit1
D:10:     layout_roguey, lair_entry_dummy, zombieorc2_lemuel
D:11:     layout_roguey, serial_glass, glass_columns_c, glass_columns_a
D:12:     layout_loops_ring
D:13:     layout_loops_cross, serial_shops, shop, kennysheep_path_1
D:14:     layout_rooms, david_vaults_1,
          nicolae_gozag_cash_rules_everything_around_me
Temple:   eino_temple_lava
Lair:1:   layout_regular_city, grunt_megastairs_3, infiniplex_staircase_pool,
          serial_bayou_shore_a, minmay_lair_oklob_chamber
Lair:2:   layout_chaotic_city, minivault_23, lemuel_fruit_fields
Lair:3:   layout_regular_city, elwin_shoals_entry_rooms, dummy_spider_entry,
          st_stairs_9, minmay_shattered_shrine, lemuel_fruit_fields,
          uniq_nergalle
Lair:4:   layout_regular_city, zaba_antful_of_joy, infiniplex_staircase_pool_2,
          grunt_megastairs_5
Lair:5:   layout_cave_pods, grunt_megastairs_2, uniq_kirke
Lair:6:   gammafunk_lair_ancient_temple, layout_cave_pods, slime_altar_1
Shoals:1: layout_shoals, serial_shops,
          nicolae_shop_temple_entry_statues_fountains,
          nicolae_shoals_wave_tunnel
Shoals:2: layout_shoals, uniq_roxanne, uniq_polyphemus
Shoals:3: layout_shoals
Shoals:4: shoals_end_grunt_ice, layout_shoals
Spider:1: layout_chambers, uniq_nikola
Spider:2: layout_spider_delve, guppyfry_spider_mini_3
Spider:3: layout_spider_delve, hangedman_spider_mandibles, worms_lemuel
Spider:4: grunt_spider_rune_circles, gammafunk_ghost_tricky_traps
Slime:1:  layout_caves
Orc:1:    layout_diamond_mine, serial_shops, shop, roderic_batcave,
          nicolae_orc_lava_room
Orc:2:    st_orc_town, layout_caves, serial_shops, shop, rock_pile
Elf:1:    minmay_elf_arrival_summoners, layout_gridlike, special_room
          [special_room_mythical_zoo], trove_entry_hex_spiral,
          minmay_elf_demonology, drop_trap
Elf:2:    layout_geoelf_grid, minmay_misc_feat_five, lemuel_flamethrower_hall,
          uniq_agnes
Elf:3:    elf_hall, layout_onion_city, basic_altar,
          portal_ice_cave_entry_frozen_things, drop_trap, minmay_elf_sorcery,
          minmay_shop_grove
Vaults:1: ontoclasm_vaults_ring_large, nicolae_vaults_stairing_the_circle,
          nicolae_vaults_specimen_jars, v_misc_28, v_rooms_6,
          nicolae_vaults_hallways_thing, vaults_room_door_hall,
          nicolae_vaults_big_ls, nicolae_vaults_network_quinsquares
          [nicolae_vaults_network_quincunx_subvault,
          nicolae_vaults_network_quincunx_subvault,
          nicolae_vaults_network_quincunx_subvault,
          nicolae_vaults_network_quincunx_subvault], vaults_mumra_lcd,
          ontoclasm_vaults_idyll, layout_vaults_maze_bifur
Vaults:2: gammafunk_vaults_ghost_cemetery, nicolae_vaults_murderbox, v_misc_23,
          minmay_crypt_entry_simple_statues, nicolae_vaults_ring_of_whatevers,
          v_misc_27, nicolae_vaults_ninety_degrees, ontoclasm_vaults_ligature,
          v_misc_17, ontoclasm_vaults_ring_small, layout_vaults_omnigrid
Ossuary:  ossuary_tomb_3
IceCv:    ice_cave_caverns_01

Skill      XL: |  1  2  3  4  5  6  7  8  9 10 11 12 13 14 15 16 17 18 19 20 21 |
---------------+----------------------------------------------------------------+-----
Fighting       | 3 4 5 6 7 8 9 10 11 12 13 14 15 | 15.5
Axes           | 2 3 5 7 10 12 13 15 16 | 16.8
Shields        | 3 4 5 6 7 9 10 11 12 13 14 15 | 15.9
Armour         | 3 5 6 7 8 9 10 11 12 | 12.5
Dodging        | 1 2 3 4 5 6 |  6.7
Stealth        | 1 2 3 |  3.4
Maces & Flails | 3 5 7 9 11 | 11.5
Throwing       | 1 |  1.5
Staves         | 1 |  1.1
Invocations    | 1 2 3 4 6 8 9 |  9.3
Evocations     | |  0.1

Action                   |  1- 3 |  4- 6 |  7- 9 | 10-12 | 13-15 | 16-18 | 19-21 || total
-------------------------+-------+-------+-------+-------+-------+-------+-------++-------
Melee: War axe           |    57 |   136 |    14 |    18 |       |       |       ||   225
       Bite              |     9 |    45 |   108 |   298 |   374 |   541 |   540 ||  1915
       Whip              |       |       |   149 |       |       |       |       ||   149
       Mace              |       |       |    23 |       |       |       |       ||    23
       Flail             |       |       |   123 |   761 |   270 |       |       ||  1154
       Quarterstaff      |       |       |       |    19 |       |       |       ||    19
       Punch             |       |       |       |     3 |       |       |       ||     3
       Broad axe         |       |       |       |       |   742 |  1122 |   536 ||  2400
       Demon whip        |       |       |       |       |       |   332 |   791 ||  1123
Throw: Stone             |    11 |       |    28 |       |       |       |       ||    39
Invok: Heroism           |       |       |     2 |    23 |    29 |    22 |     4 ||    80
       Finesse           |       |       |       |     1 |     3 |     3 |       ||     7
Evoke: Wand              |       |       |     1 |       |       |       |       ||     1
  Use: Scroll            |       |     2 |     6 |     9 |    11 |    13 |     5 ||    46
       Potion            |       |       |       |     1 |     6 |     6 |       ||    13
 Stab: Held in net/web   |       |       |       |       |       |     1 |       ||     1
       Distracted        |       |       |       |       |       |     1 |       ||     1
  Eat: Chunk             |     1 |     6 |       |     4 |     6 |    11 |    18 ||    46
       Ration            |       |       |     4 |     4 |     7 |     5 |     2 ||    22
Armor: Scale mail        |    22 |    61 |   121 |   307 |       |       |       ||   511
       Chain mail        |       |       |       |    88 |   271 |   531 |       ||   890
       Plate armour      |       |       |       |       |   336 |   216 |   323 ||   875
       Skin              |       |       |       |       |       |    13 |       ||    13
Dodge: Dodged            |    12 |    42 |    88 |   395 |   405 |   419 |   176 ||  1537
Block: Shield            |    30 |    83 |   152 |   207 |   689 |   886 |   390 ||  2437
       Large shield      |       |       |       |       |       |       |   384 ||   384

Table legend:
 A = Non-vault XP
 B = Vault XP
 C = Vault XP percentage of total XP
 D = Non-vault monster count
 E = Vault monster count
 F = Vault count percentage of total count
                 A         B        C        D         E       F
            +---------+---------+-------+---------+---------+-------
      Total |  247148 |  278081 |  52.9 |     897 |     602 |  40.2
            +---------+---------+-------+---------+---------+-------
        D:1 |      18 |       5 |  21.7 |      11 |       1 |   8.3
        D:2 |     135 |      37 |  21.5 |      17 |       2 |  10.5
        D:3 |      63 |       0 |   0.0 |      24 |       0 |   0.0
        D:4 |     153 |     673 |  81.5 |      12 |       1 |   7.7
        D:5 |     379 |     651 |  63.2 |      14 |       8 |  36.4
        D:6 |    1316 |       0 |   0.0 |      19 |       0 |   0.0
        D:7 |     255 |    1222 |  82.7 |      10 |       2 |  16.7
        D:8 |    1693 |      36 |   2.1 |      28 |       3 |   9.7
        D:9 |    2084 |     747 |  26.4 |      32 |       3 |   8.6
       D:10 |    1545 |     562 |  26.7 |      20 |      36 |  64.3
       D:11 |    8028 |       0 |   0.0 |      39 |       0 |   0.0
       D:12 |    6542 |       0 |   0.0 |      47 |       0 |   0.0
       D:13 |    7736 |       0 |   0.0 |      42 |       0 |   0.0
       D:14 |   11951 |     904 |   7.0 |      37 |       2 |   5.1
     Lair:1 |    2859 |     504 |  15.0 |       9 |       2 |  18.2
     Lair:2 |     718 |       0 |   0.0 |       4 |       0 |   0.0
     Lair:3 |    6374 |    8204 |  56.3 |      28 |      19 |  40.4
     Lair:4 |    6272 |    8646 |  58.0 |      24 |      41 |  63.1
     Lair:5 |    6046 |    4170 |  40.8 |      20 |       9 |  31.0
     Lair:6 |    5312 |    9874 |  65.0 |      13 |      27 |  67.5
   Shoals:1 |    4331 |    1501 |  25.7 |      10 |       5 |  33.3
   Shoals:2 |    7672 |    8610 |  52.9 |      15 |       7 |  31.8
   Shoals:3 |   14106 |       0 |   0.0 |      26 |       0 |   0.0
   Shoals:4 |   17492 |   20886 |  54.4 |      29 |      29 |  50.0
   Spider:1 |   12221 |    3983 |  24.6 |      39 |       1 |   2.5
   Spider:2 |   21216 |    1468 |   6.5 |      60 |       6 |   9.1
   Spider:3 |    9704 |    7677 |  44.2 |      27 |      21 |  43.8
   Spider:4 |    9343 |   31322 |  77.0 |      22 |      51 |  69.9
      Orc:1 |    4526 |     124 |   2.7 |      58 |       9 |  13.4
      Orc:2 |    3597 |    5834 |  61.9 |      27 |      64 |  70.3
      Elf:1 |   10930 |   29013 |  72.6 |      24 |      40 |  62.5
      Elf:2 |   18077 |   25649 |  58.7 |      28 |      30 |  51.7
      Elf:3 |   18274 |   52015 |  74.0 |      30 |      42 |  58.3
   Vaults:1 |   23554 |   30154 |  56.1 |      47 |      51 |  52.0
   Vaults:2 |    2626 |   12962 |  83.2 |       5 |      15 |  75.0
    Ossuary |       0 |     158 | 100.0 |       0 |      16 | 100.0
      IceCv |       0 |   10490 | 100.0 |       0 |      59 | 100.0
            +---------+---------+-------+---------+---------+-------
